Unix NetHack Version 3.7.0-73 Work-in-progress - last build Feb 15 2023 13:44:07 (7e882657273b58d2b20c000abed489558a81fd26,branch:master). Game began 2023-02-15 22:33:10, ended 2023-02-15 22:35:19. Gandelf, neutral male human Monk ------ --- -------.|..| ---.--- |...|......-- ----.....| |...........--- |........| ----..--..%...| |..%.--..| |..||-..--.| |....----- -----... |.---- ---.|...| ... |....| |..*|-.-- ... ---.| ---.------ .%.. |.----...| ------ .... -......---------...@. ... ......)..........--- .<. .--..------ ... Gandelf the Novice St:16 Dx:14 Co:14 In:9 Wi:12 Ch:10 Neutral S:372 Dlvl:3 $:8 HP:0(25) Pw:11(11) AC:4 Xp:3/66 T:208 Latest messages: The gnome hits! You hit the gnome! You miss the gnome. You kill the gnome! l - 4 crossbow bolts. m - a crossbow. You hear rumbling in the distance. You stop searching. You kill the gnome! Welcome to experience level 2. You see here a white gem. n - a white gem. You stop searching. You hit the gnome king! You hit the gnome king! The gnome king misses! You kill the gnome king! Welcome to experience level 3. You feel healthy! You stop searching. You kill the gnome! You see here a thonged club. o - a thonged club. You see here a figurine of a blue jelly. p - a figurine of a blue jelly. You hear rumbling in the distance. Please move the cursor to an unknown object. (For instructions type a '?') You see here a blue gem. q - a blue gem. You kill the gecko! You see here a gecko corpse. You hear rumbling in the distance. You see here a pair of mud boots. r - a pair of mud boots. A trap door in the ceiling opens and a rock falls on your head! You are hit by a dagger. You miss the gnome. You kill the gnome! You see here a cram ration. s - a cram ration. You kill the gecko! Click! You trigger a rolling boulder trap! You are hit by a boulder! You die... Do you want your possessions identified? [ynq] (y) y Do you want to see your attributes? [ynq] (y) y Do you want an account of creatures vanquished? [ynaq] (y) y Do you want to see your conduct and achievements? [ynq] (y) y Do you want to see the dungeon overview? [ynq] (y) y Inventory: Coins $ - 8 gold pieces Weapons l - 4 +0 crossbow bolts m - a +0 crossbow o - a cursed +0 aklys Armor a - an uncursed +2 pair of leather gloves (being worn) r - a cursed -1 pair of fumble boots b - an uncursed +1 robe (being worn) Comestibles g - 6 uncursed apples s - an uncursed cram ration f - 3 uncursed food rations k - an uncursed food ration i - 4 uncursed fortune cookies h - 5 uncursed oranges Scrolls d - an uncursed scroll of remove curse Spellbooks c - a blessed spellbook of protection Potions e - 3 uncursed potions of water Tools p - an uncursed figurine of a blue jelly Gems/Stones n - an uncursed diamond q - an uncursed worthless piece of blue glass j - 9 uncursed rocks Gandelf the Monk's attributes: Background: You were a Novice, a level 3 male human Monk. You were neutral, on a mission for Chih Sung-tzu who was opposed by Shan Lai Ching (lawful) and Huan Ti (chaotic). You were in the Gnomish Mines, on level 3. You entered the dungeon 208 turns ago. It was nighttime. You had 66 experience points, 14 more were needed to attain level 4. Your score was 372 before end-of-game adjustments. Basics: You had 0 out of 25 hit points. You had all 11 energy points (spell power). Your armor class was 4. Your wallet contained 8 zorkmids. Autopickup was off. Final Characteristics: Your strength was 16 (limit:18/100). Your dexterity was 14 (limit:18). Your constitution was 14 (limit:18). Your intelligence was 9 (limit:18). Your wisdom was 12 (limit:18). Your charisma was 10 (limit:18). Final Status: You were not hungry. You were unencumbered. You were empty handed. You had basic skill with martial arts. Final Attributes: You were fervently aligned. You were sleep resistant. You were poison resistant. You saw invisible. You were guarded. You were fast. You are dead. Miscellaneous: You never encountered a bones level. Total elapsed playing time was 2 minutes and 9 seconds. Major events: Turn 1: Gandelf the neutral male human Monk entered the dungeon 101: entered the Gnomish Mines 136: attained the rank of Novice (level 3) 208: killed by a boulder Vanquished creatures: a gnome ruler a hobbit 6 gnomes 2 geckos a jackal a lichen 12 creatures vanquished. No species were genocided or became extinct. Voluntary challenges: You followed a strict vegan diet. You were an atheist. You never hit with a wielded weapon. You were illiterate. You never engraved Elbereth. You never genocided any monsters. You never polymorphed an object. You never changed form. You used no wishes. Achievements: You entered the Gnomish Mines. You attained the rank of Novice. The Dungeons of Doom: levels 1 to 2 Level 1: Level 2: Some fountains. Stairs down to The Gnomish Mines. The Gnomish Mines: Level 3: <- You were here. Final resting place for you, killed by a boulder. Game over: ---------- / \ / REST \ / IN \ / PEACE \ / \ | Gandelf | | 8 Au | | killed by a | | boulder | | | | | | 2023 | *| * * * | * _________)/\\_//(\/(/\)/\//\/|_)_______ Goodbye Gandelf the Monk... You died in The Gnomish Mines on dungeon level 3 with 372 points, and 8 pieces of gold, after 208 moves. You were level 3 with a maximum of 25 hit points when you died.